Workbook

Sheet Overview
A1: Payment Schedule April 2024
A3: Payee | B3: Item | C3: Ref | D3: Net Cost | E3: VAT | F3: Total | G3: Notes
A4: Unity Bank Payments
A5: Jane Clarke | B5: Salary April | C5: BACS 0401 | D5: -- | E5: -- | F5: -- | G5: TBC
A6: Jane Clarke | B6: Clerk March Expenses Owed | C6: BACS 0402 | D6: ='Clerk Expenses'!C15 -> 9.79 | E6: ='Clerk Expenses'!D15 -> 0 | F6: =D6+E6 -> 9.79
A7: Jane Clarke | B7: Clerk March Expenses Paid | C7: BACS 0403 | D7: ='Clerk Expenses'!C26 -> 0 | E7: ='Clerk Expenses'!D26 -> 0 | F7: =D7+E7 -> 0
A8: Unity Bank Card | B8: Monthly card expenditure | C8: BACS 0404 | D8: ='Unity Card'!C18 -> 206.99 | E8: ='Unity Card'!D18 -> 40.8 | F8: ='Unity Card'!E18 -> 247.79
A9: Orchard Landscapes | B9: Final 2023/34 invoice | C9: BACS 0310 | D9: 4173.5 | E9: 834.7 | F9: =D9+E9 -> 5008.2 | H9: Additional items paid before end of year closed
A10: Kevin Cornwall | B10: GeoMapping Service | C10: BACS 0311 | D10: 206.3 | E10: 0 | F10: =D10+E10 -> 206.3
A11: Viking Office | B11: New Noticeboard | C11: BACS 0312 | D11: =100.97+3.95 -> 104.92 | E11: 20.98 | F11: =D11+E11 -> 125.9
A12: Unity Bank | B12: Service Charge - Bank account | C12: BACS 0313 | D12: 18 | E12: 0 | F12: =D12+E12 -> 18
A13: HMRC | B13: Final Quarterly Payment 2023/24 | C13: BACS 0314 | D13: 3664.74 | E13: 0 | F13: =D13+E13 -> 3664.74 | G13: Employer - £1233.96 Employee - £2430.78
A14: Unity Bank | B14: Service Charge - Bank Card | C14: BACS 0409 | D14: 3 | E14: 0 | F14: =D14+E14 -> 3
A15: Rialtas | B15: Annual service charge | C15: BACS 0410 | D15: 192 | E15: 38.4 | F15: =D15+E15 -> 230.4
A16: HMRC | B16: Monthly PAYEE/TAX and NI | C16: BACS 0411 | D16: 1164.57 | E16: 0 | F16: =D16+E16 -> 1164.57 | G16: Employer - 411.32 Employee - £1164.57
A17: Society of Local Clerk Councils | B17: Annual Renewal | C17: BACS 0412 | D17: 357 | E17: 0 | F17: =D17+E17 -> 357
A19: Total Payments | D19: =SUM(D5:D18) -> 10100.81 | E19: =SUM(E5:E18) -> 934.88 | F19: =SUM(F5:F18) -> 11035.69
A21: Lloyds Bank Direct Debits
A22: Tamar Tele. | B22: Monthly phone redirection | C22: D/D 0401 | D22: 19.99 | E22: 4 | F22: =D22+E22 -> 23.99 | G22: Direct Debit
A23: Nest Pensions | B23: Monthly employer pension contribution | C23: D/D 0402 | D23: 373.85 | E23: 0 | F23: =D23+E23 -> 373.85 | G23: Employer £224.31 Employee £149.54
A25: Total Payments | D25: =SUM(D22:D24) -> 393.84 | E25: =SUM(E22:E24) -> 4 | F25: =SUM(F22:F24) -> 397.84
A27: Chair Signature | D27: .
A29: Date

Sheet Clerk Expenses
A1: Name: Jane Clarke
A2: Date: April Expenses 2024
A4: Item | B4: Notes | C4: Net | D4: VAT | E4: Total | F4: Paid
A5: Cakes | B5: Community Hub | C5: =6.5+3.29 -> 9.79 | D5: 0 | E5: =C5+D5 -> 9.79
C6: 0 | D6: 0 | E6: =C6+D6 -> 0
C7: 0 | D7: 0 | E7: =C7+D7 -> 0
C8: 0 | D8: 0 | E8: =C8+D8 -> 0
C9: 0 | D9: 0 | E9: =C9+D9 -> 0
C10: 0 | D10: 0 | E10: =C10+D10 -> 0
C11: 0 | D11: 0 | E11: =C11+D11 -> 0
C12: 0 | D12: 0 | E12: =C12+D12 -> 0
A15: Items Owed | C15: =SUM(C5:C14) -> 9.79 | D15: =SUM(D5:D14) -> 0 | E15: =SUM(E5:E14) -> 9.79
A17: Item | B17: Notes | C17: Net | D17: VAT | E17: Total | F17: Paid
C18: 0 | D18: 0 | E18: =C18+D18 -> 0
C19: 0 | D19: 0 | E19: =C19+D19 -> 0
C20: 0 | D20: 0 | E20: =C20+D20 -> 0
C21: 0 | D21: 0 | E21: =C21+D21 -> 0
C22: 0 | D22: 0 | E22: =C22+D22 -> 0
A26: Items Paid | C26: =SUM(C18:C25) -> 0 | D26: =SUM(D18:D25) -> 0 | E26: =SUM(E18:E25) -> 0

Sheet Unity Card
A1: Unity Card Expenditure Statement
A3: Item | B3: Notes | C3: Net | D3: VAT | E3: Total | F3: Paid
A5: Toner Giant | B5: Replacement Cartridges for printer | C5: 184 | D5: 36.8 | E5: =C5+D5 -> 220.8
A6: Site Ground | B6: Website Host | C6: 19.99 | D6: 4 | E6: =C6+D6 -> 23.99
C7: 0 | D7: 0 | E7: =C7+D7 -> 0
A8: Card Fee | C8: 3 | D8: 0 | E8: =C8+D8 -> 3
C9: 0 | D9: 0 | E9: =C9+D9 -> 0
C10: 0 | D10: 0 | E10: =C10+D10 -> 0
C11: 0 | D11: 0 | E11: =C11+D11 -> 0
C12: 0 | D12: 0 | E12: =C12+D12 -> 0
C13: 0 | D13: 0 | E13: =C13+D13 -> 0
C14: 0 | D14: 0 | E14: =C14+D14 -> 0
C15: 0 | D15: 0 | E15: =C15+D15 -> 0
C18: =SUM(C4:C17) -> 206.99 | D18: =SUM(D4:D17) -> 40.8 | E18: =SUM(E4:E17) -> 247.79
